cohdb
Replays
Latest Replays
All Replays
Popular Replays
Top Player Replays
Match Explorer
How It Works
Community
CoH3 Stats
Reddit
Sign in to upload your games and track your stats! →
Sign in with Steam
Match 42091984
Unlisted
Match 42091984
Overview
Messages
Build Orders
End
Kettenkrad Recon Vehicle
Construct Infanterie Kompanie
MG 42 Machine Gun Team
GrW 34 Mortar Team
Construct Luftwaffe Kompanie
Flak 30 Anti-aircraft Gun Team
Flak 30 Anti-aircraft Gun Team
Kettenkrad Recon Vehicle
Jäger Squad
Luftwaffe Officer Quarters
Support Elements
Jäger Squad
Marder III M Tank Destroyer
Microsoft Outlook
deadsadbadmad
Big Daddy
Ph.D Mickey
0
0
Comments
sign in to comment!
No comments posted yet!